 Dungeon Crawl Stone Soup version 0.31-a0-1118-gbca3d03946 (webtiles) character file.

Game seed: 10852750471704062520

71516 Inarius the Severer (level 14, -7/110 HPs)
             Began as a Demonspawn Fighter on Dec 4, 2023.
             Was the Champion of Makhleb.
             Mangled by an ironbound frostheart (35 damage)
             ... on level 13 of the Dungeon.
             The game lasted 00:40:35 (22554 turns).

Inarius the Severer (Demonspawn Fighter)           Turns: 22554, Time: 00:40:36

Health: -7/110     AC: 28    Str: 21    XL:     14   Next: 98%
Magic:  19/19      EV: 14    Int:  9    God:    Makhleb [******]
Gold:   256        SH: 12    Dex: 19    Spells: 13/13 levels left

rFire   + . .        K - +5 war axe "Owyenoho" {flame, *Slow rPois SInv Stlth+}
rCold   . . .        y - +1 kite shield {AC+3}
rNeg    + . .        u - +4 pearl dragon scales
rPois   +            R - +0 hat {Will+}
rElec   +            r - +2 cloak
rCorr   .            Q - +0 pair of gloves
SInv    +            j - +2 pair of boots of the Cuttlefish {rElec Stlth+}
Will    ++...        (no amulet)
Stlth   ++++         k - +6 ring of dexterity
HPRegen 0.38/turn    v - ring of protection from fire
MPRegen 0.16/turn

%: slow self (1%)
@: no status effects
A: sturdy frame 2, demonic magic 2, weakness stinger 2
a: Renounce Religion, Minor Destruction, Lesser Servant of Makhleb, Major
Destruction, Greater Servant of Makhleb


You were on level 13 of the Dungeon.
You worshipped Makhleb.
Makhleb was exalted by your worship.
You visited 4 branches of the dungeon, and saw 21 of its levels.
You also visited: Sewer.

You collected 2733 gold pieces.
You spent 2477 gold pieces at shops.

Inventory:

Hand Weapons
 J - a +5 broad axe
 K - the +5 war axe "Owyenoho" (weapon) {flame, *Slow rPois SInv Stlth+}
   (You bought it in a shop on level 8 of the Dungeon)

   rPois:     It protects you from poison SInv: It lets you see invisible.
   *Slow:     It may slow you when you take damage.
   Stlth+:    It makes you more stealthy.
Armour
 f - a +1 pair of boots of rampaging
 j - the +2 pair of boots of the Cuttlefish (worn) {rElec Stlth+}
   (You bought it in a shop on level 2 of the Orcish Mines)

   rElec:     It insulates you from electricity.
   Stlth+:    It makes you more stealthy.
 r - a +2 cloak (worn)
 u - +4 pearl dragon scales (worn)
 y - a +1 kite shield of protection (worn)
 B - the +2 helmet "Yzuo" {+Blink Fly Int-2 Slay+3 Stlth+}
   (You bought it in a shop on level 2 of the Orcish Mines)

   Int-2:     It affects your intelligence (-2).
   Slay+3:    It affects your accuracy & damage with ranged weapons and melee
   (+3).
   Fly:       It grants you flight.
   +Blink:    It lets you blink.
   Stlth+:    It makes you more stealthy.
 Q - a +0 pair of gloves (worn)
 R - a +0 hat of willpower (worn)
Jewellery
 k - a +6 ring of dexterity (left hand)
 v - a ring of protection from fire (right hand)
 P - a +6 ring of dexterity
 T - a ring of resist corrosion
Wands
 m - a wand of iceblast (4)
 G - a wand of flame (14)
 I - a wand of paralysis (3)
 M - a wand of light (12)
 S - a wand of polymorph (7)
Scrolls
 a - 3 scrolls of enchant armour
 c - 3 scrolls of torment {unknown}
 i - 4 scrolls of fear
 n - 2 scrolls of fog
 s - 14 scrolls of teleportation
 t - 6 scrolls of poison {unknown}
 w - 4 scrolls of revelation {unknown}
 A - 6 scrolls of blinking
 D - 3 scrolls of noise
 E - 2 scrolls of vulnerability
 H - a scroll of silence
Potions
 b - 10 potions of ambrosia
 d - 4 potions of might
 e - 4 potions of heal wounds
 g - a potion of haste
 h - 4 potions of brilliance
 l - 2 potions of lignification
 o - 5 potions of curing
 p - 3 potions of attraction
 q - 2 potions of enlightenment {unknown}
 x - 3 potions of cancellation {unknown}
 L - a potion of resistance
 N - a potion of mutation
Miscellaneous
 F - a lightning rod (4/4)


   Skills:
 + Level 10.2 Fighting
 * Level 17.3 Axes
 + Level 7.1 Armour
 + Level 6.4 Dodging
 + Level 3.3 Stealth
 + Level 8.1 Shields
 + Level 6.7 Invocations
 * Level 8.9 Evocations


You had 13 spell levels left.
You didn't know any spells.
Your spell library contained the following spells:

 Spells                   Type           Power      Damage    Failure   Level
 Freeze                   Ice            0%         1d3       77%         1
 Blink                    Tloc           0%         N/A       88%         2
 Lesser Beckoning         Tloc           0%         N/A       88%         2
 Momentum Strike          Conj/Tloc      0%         3d8       88%         2
 Poisonous Vapours        Pois/Air       0%         N/A       88%         2
 Static Discharge         Conj/Air       0%         3-3/arc   88%         2
 Sublimation of Blood     Necr           0%         N/A       88%         2
 Dazzling Flash           Conj/Hex       0%         N/A       98%         3
 Mephitic Cloud           Conj/Pois/Air  0%         N/A       98%         3
 Ozocubu's Armour         Ice            0%         N/A       98%         3
 Stone Arrow              Conj/Erth      0%         3d7       98%         3
 Volatile Blastmotes      Fire/Tloc      0%         2d10      98%         3
 Airstrike                Air            0%         2d(0-16)  100%        4
 Anguish                  Hex/Necr       0%         N/A       100%        4
 Animate Armour           Summ/Erth      0%         N/A       100%        4
 Cause Fear               Hex            0%         N/A       100%        4
 Manifold Assault         Tloc           0%         N/A       100%        4
 Petrify                  Tmut/Erth      0%         N/A       100%        4
 Summon Lightning Spire   Summ/Air       0%         N/A       100%        4
 Freezing Cloud           Conj/Ice/Air   0%         6-21      100%        5
 Irradiate                Conj/Tmut      0%         3d11      100%        5
 Dispersal                Tloc           0%         N/A       100%        6
 Starburst                Conj/Fire      0%         6d3       100%        6
 Enfeeble                 Hex            0%         N/A       100%        7
 Ozocubu's Refrigeration  Ice            0%         4d7       100%        7
 Disjunction              Tloc           0%         N/A       100%        8
 Lehudib's Crystal Spear  Conj/Erth      0%         10d2      100%        8
 Maxwell's Capacitive Co  Air            0%         ∞         100%        8


Dungeon Overview and Level Annotations

Branches:
Dungeon (13/15)            Temple (1/1) D:5            Lair (5/5) D:10
  Swamp (0/4) Lair:3        Snake (0/4) Lair:3        Slime (0/5) Lair:5
    Orc (2/2) D:9             Elf (0/3) Orc:2        Vaults (0/5) D:13
  Sewer (visited)

Altars:
Ashenzari
Cheibriados
Dithmenos
Fedhas
Gozag
Hepliaklqana
Kikubaaqudgha
Makhleb
Nemelex Xobeh
Okawaru
Qazlal
Ru
Sif Muna
Trog
Uskayaw
Vehumet
Wu Jian
Xom
Yredelemnul

Shops:
D:6 (   D:8 ?(*:(   Orc:2 !*([*![[[

Portals:
Abyss: D:4

Annotations:
D:8 2 transporters
Lair:2 1 runed translucent door


Innate Abilities, Weirdness & Mutations

Your movements are less encumbered by armour. (ER -4)
Spells you cast may paralyse nearby enemies.
You have a tail ending in a sharp stinger.


Message History

The vault guard hits you but does no damage.
You block the ironbound frostheart's attack.
Unknown command.
You hit the ironbound frostheart but do no damage.
The ironbound frostheart is heavily wounded.
You hit the vault guard. You burn the vault guard.
The ironbound frostheart touches you. The ironbound frostheart freezes you!!
* * * LOW HITPOINT WARNING * * *
You block the vault guard's attack.
Unknown command.
You closely miss the vault guard.
The vault guard is almost dead.
You completely miss the ironbound frostheart.
You block the vault guard's attack.
The ironbound frostheart touches you but does no damage.
Unknown command.
You slash the vault guard! You burn the vault guard.
You kill the vault guard!
Makhleb accepts your kill.
You feel better.
You hit the ironbound frostheart. You burn the ironbound frostheart.
Unknown command.
You barely miss the ironbound frostheart.
The ironbound frostheart is severely wounded.
You block the ironbound frostheart's attack.
Unknown command.
You hit the ironbound frostheart. You burn the ironbound frostheart.
You tail-slap the ironbound frostheart, but do no damage.
The ironbound frostheart is severely wounded.
The ironbound frostheart touches you but does no damage.
Unknown command.
You slash the ironbound frostheart! You burn the ironbound frostheart.
The ironbound frostheart is almost dead.
You block the ironbound frostheart's attack.
You hit the ironbound frostheart. You burn the ironbound frostheart.
The ironbound frostheart is almost dead.
The ironbound frostheart touches you.
* * * LOW HITPOINT WARNING * * *
The ironbound frostheart freezes you!!
You die...

.∩. ... #.# #.#
#.# ##.## #)p†#
##.@)## #.....#
#.)...# ##'''## #.
#...# #. #...#
####.#####.#######
..................
#...........######


You could see an ironbound frostheart.

Vanquished Creatures
  Jorgrun (Orc:2)
  Gastronok (Lair:3)
  Snorg (Lair:3)
  An ettin (Orc:2)
  An entropy weaver (shapeshifter) (D:13)
  2 hydras
  2 vault guards (D:13)
  A centaur warrior (D:12)
  Erica (Orc:1)
  4 two-headed ogres
  An ogre mage (Orc:2)
  5 boulder beetles
  3 orc high priests (Orc:2)
  6 death yaks
  Urug (Lair:5)
  A fire crab (Lair:5)
  5 orc knights (Orc:2)
  A bog body (Lair:3)
  An ugly thing (D:10)
  Maurice (Orc:1)
  4 orc sorcerers (Orc:2)
  3 cyclopes (D:11)
  2 manticores
  4 black mambas
  2 kobold blastminers (Orc:1)
  3 molten gargoyles (Lair:5)
  3 torpor snails
  12 elephants (Lair:4)
  2 gargoyles (D:12)
  11 cane toads
  Psyche (D:12)
  2 rime drakes
  16 komodo dragons
  4 kobold demonologists
  3 trolls
  A hornet (D:10)
  A queen bee (Lair:3)
  2 polar bears
  Prince Ribbit (D:9)
  14 dream sheep
  7 blink frogs (Lair:5)
  2 slime creatures (D:13)
  A shadow (D:11)
  37 yaks
  A vampire (D:11)
  4 wyverns
  A human (shapeshifter) (D:13)
  A wraith (D:12)
  6 basilisks
  3 humans
  4 steam dragons
  6 vampire mosquitoes
  3 small abominations (D:4)
  8 water moccasins
  4 hell hounds (Lair:5)
  2 acid dragons
  2 sky beasts
  21 orc warriors
  2 ice beasts (D:7)
  6 black bears
  3 centaurs (D:7)
  4 ogres
  9 wolves
  7 kobold brigands
  A phantom (D:6)
  The ghost of TobyConnect the Magician, an amateur DEFE (D:4)
  8 bullfrogs
  3 scorpions
  20 wights
  37 killer bees
  2 electric eels
  A howler monkey (D:7)
  5 jellies
  5 lava snakes (Lair:5)
  2 hounds
  A human zombie (D:4)
  19 orc priests
  A gnoll bouda (D:7)
  A sleepcap (D:5)
  An iguana (D:6)
  20 orc wizards
  A scorpion zombie (D:4)
  3 mummies (D:4)
  A howler monkey zombie (D:4)
  11 adders
  4 gnolls
  6 river rats
  2 shadow imps
  A white imp (D:6)
  An adder zombie (D:4)
  2 worms
  A dart slug (D:1)
  64 orcs
  7 ball pythons
  9 endoplasms
  5 goblins
  4 hobgoblins
  7 jackals (D:1)
  18 kobolds
  9 quokkas
  20 bats
  4 frilled lizards
  9 rats
592 creatures vanquished.

Vanquished Creatures (collateral kills)
  A fire dragon (Lair:5)
1 creature vanquished.

Grand Total: 593 creatures vanquished

Notes
Turn   | Place    | Note
-------+----------+-------------------------------------------
     0 | D:1      | Inarius the Demonspawn Fighter began the quest for the Orb.
     0 | D:1      | Reached XP level 1. HP: 18/18 MP: 1/1
    65 | D:1      | Reached skill level 2 in Axes
   193 | D:1      | Gained mutation: You have a small tail. [demonic ancestry]
   193 | D:1      | Reached XP level 2. HP: 22/24 MP: 2/2
   693 | D:1      | Gained mutation: Your movements are slightly less
                  | encumbered by armour. (ER -2) [demonic ancestry]
   693 | D:1      | Reached XP level 3. HP: 29/29 MP: 3/3
   704 | D:1      | Found a faded altar of an unknown god.
   707 | D:1      | Got Plato's Opusculum on Snow
  1723 | D:3      | Reached XP level 4. HP: 36/36 MP: 4/4
  1758 | D:3      | Reached skill level 3 in Axes
  2092 | D:3      | Reached XP level 5. HP: 42/42 MP: 5/5
  2606 | D:3      | Reached skill level 4 in Axes
  2955 | D:4      | Found a stormy altar of Qazlal.
  2955 | D:4      | Found a blossoming altar of Fedhas.
  3168 | D:4      | Found a transporter.
  3170 | D:4      | Noticed a small abomination
  3210 | D:4      | Found a one-way gate to the infinite horrors of the Abyss.
  3211 | D:4      | Found a transporter.
  3229 | D:4      | Identified the +0 leather armour of the Armadillo {Int+3}
  3352 | D:4      | Found an ancient bone altar of Kikubaaqudgha.
  3390 | D:4      | Reached XP level 6. HP: 44/48 MP: 6/6
  3407 | D:4      | Reached skill level 5 in Axes
  3541 | D:4      | Gained mutation: You have a tail ending in a sharp stinger.
                  | [demonic ancestry]
  3541 | D:4      | Reached XP level 7. HP: 45/54 MP: 7/7
  3650 | D:5      | Entered Level 5 of the Dungeon
  3655 | D:4      | Reached skill level 1 in Dodging
  3671 | D:4      | Reached skill level 6 in Axes
  3846 | D:5      | Found a glowing drain.
  3886 | Sewer    | Entered a sewer
  4212 | Sewer    | Reached skill level 7 in Axes
  4212 | Sewer    | Gained mutation: Your movements are less encumbered by
                  | armour. (ER -4) [demonic ancestry]
  4212 | Sewer    | Reached XP level 8. HP: 43/61 MP: 8/8
  4357 | D:5      | Found a staircase to the Ecumenical Temple.
  4378 | Temple   | Entered the Ecumenical Temple
  4378 | Temple   | Noticed a Hell Sentinel
  4378 | Temple   | Noticed a blizzard demon
  4378 | Temple   | Noticed an ice devil
  4379 | Temple   | Noticed Vukheq the pandemonium lord
  4379 | Temple   | Noticed Jamaysir the pandemonium lord
  4379 | Temple   | Noticed an orange demon
  4393 | Temple   | Became a worshipper of Makhleb the Destroyer
  4408 | Temple   | Noticed Omecahu the pandemonium lord
  4644 | D:5      | Found a bloodstained altar of Trog.
  4745 | D:5      | Reached skill level 1 in Invocations
  4909 | D:6      | Found Siaxad's Weapon Emporium.
  4934 | D:6      | Found a radiant altar of Vehumet.
  4948 | D:6      | Reached skill level 8 in Axes
  5159 | D:6      | Reached skill level 1 in Stealth
  5560 | D:6      | Reached XP level 9. HP: 15/67 MP: 11/11
  5782 | D:6      | Reached * piety under Makhleb
  6079 | D:6      | Reached skill level 9 in Axes
  6501 | D:7      | Reached skill level 5 in Fighting
  6978 | D:7      | Noticed a komodo dragon
  6990 | D:7      | Killed a komodo dragon
  6991 | D:7      | Reached skill level 10 in Axes
  7154 | D:7      | Identified the +0 ring mail "Gaukk" {rF- Str+5 Dex+2 SInv}
  7234 | D:7      | Reached ** piety under Makhleb
  7235 | D:7      | Reached skill level 5 in Invocations
  7237 | D:7      | Gained mutation: Spells you cast may paralyse adjacent
                  | enemies. [demonic ancestry]
  7237 | D:7      | Reached XP level 10. HP: 38/74 MP: 13/13
  7723 | D:7      | Found a broken altar of Ashenzari.
  7859 | D:4      | Noticed TobyConnect's ghost (amateur DEFE)
  7891 | D:4      | Killed TobyConnect's ghost
  7892 | D:4      | Reached skill level 5 in Armour
  7908 | D:4      | Identified the +0 ring mail of Henotheism {rF+ Dex-5 SInv}
  8517 | D:8      | Found Apaxtesi's Antique Weapon Emporium.
  8520 | D:8      | Bought a broad axe for 132 gold pieces
  8530 | D:8      | Found an opulent altar of Gozag.
  8531 | D:8      | Found a transporter.
  8531 | D:8      | Noticed a centaur warrior
  8559 | D:8      | Found a transporter.
  8674 | D:8      | Found Jezeocrekk's Antique Weapon Emporium.
  8682 | D:8      | Bought a twisted war axe for 297 gold pieces
  8682 | D:8      | Identified the +5 war axe "Owyenoho" {flame, *Slow rPois
                  | SInv Stlth+} (You bought it in a shop on level 8 of the
                  | Dungeon)
  8778 | D:8      | Found Meosas's Magic Scroll Boutique.
  8788 | D:8      | Bought a scroll of identify for 22 gold pieces
  8788 | D:8      | Bought a scroll of identify for 22 gold pieces
  8913 | D:8      | Found Gaesybuk's General Store.
  8962 | D:8      | Found Kasiw's Book Shop.
  9235 | D:9      | Noticed Prince Ribbit
  9250 | D:9      | Killed Prince Ribbit
  9251 | D:9      | Reached skill level 11 in Axes
  9306 | D:9      | Reached skill level 1 in Evocations
  9518 | D:9      | Reached *** piety under Makhleb
 10354 | D:9      | Found a staircase to the Orcish Mines.
 10504 | D:9      | Identified a scroll of acquirement
 10505 | D:9      | Acquired 813 gold pieces
 10579 | D:8      | Bought a scroll of enchant armour for 105 gold pieces
 10579 | D:8      | Bought a potion of haste for 140 gold pieces
 10579 | D:8      | Bought a +0 helmet for 63 gold pieces
 10627 | D:8      | Bought a scroll of teleportation for 33 gold pieces
 10627 | D:8      | Bought a scroll of enchant armour for 82 gold pieces
 10627 | D:8      | Bought a scroll of teleportation for 33 gold pieces
 10627 | D:8      | Bought a scroll of fear for 44 gold pieces
 10627 | D:8      | Bought a scroll of blinking for 82 gold pieces
 10666 | D:10     | Entered Level 10 of the Dungeon
 10864 | D:10     | Noticed a death yak
 10864 | D:10     | Noticed a death yak
 10965 | D:10     | Reached skill level 12 in Axes
 10975 | D:10     | Reached XP level 11. HP: 72/81 MP: 15/15
 11042 | D:10     | Found a hide-covered altar of Uskayaw.
 11209 | D:10     | Noticed a red ugly thing
 11284 | D:10     | Noticed a death yak
 11286 | D:10     | Found a staircase to the Lair.
 11319 | D:10     | Killed a death yak
 11596 | D:10     | Found a snail-covered altar of Cheibriados.
 11782 | D:10     | Killed a death yak
 11792 | D:10     | Killed a death yak
 12038 | D:11     | Noticed a boulder beetle
 12061 | D:11     | Killed a boulder beetle
 12065 | D:11     | Reached skill level 13 in Axes
 12065 | D:11     | Reached skill level 5 in Shields
 12248 | D:11     | Noticed a two-headed ogre
 12259 | D:11     | Killed a two-headed ogre
 12597 | D:11     | Noticed a two-headed ogre
 12619 | D:11     | Killed a two-headed ogre
 13007 | Lair:1   | Entered Level 1 of the Lair of Beasts
 13054 | Lair:1   | Gained mutation: Spells you cast may paralyse nearby
                  | enemies. [demonic ancestry]
 13054 | Lair:1   | Reached XP level 12. HP: 68/89 MP: 16/16
 13188 | Lair:1   | Noticed a boulder beetle
 13231 | Lair:1   | Killed a boulder beetle
 13337 | Lair:1   | Reached **** piety under Makhleb
 13646 | Lair:1   | Found a transporter.
 13648 | Lair:1   | Found a transporter.
 13875 | Lair:1   | Noticed a boulder beetle
 13901 | Lair:1   | Killed a boulder beetle
 13902 | Lair:1   | Reached skill level 14 in Axes
 13902 | Lair:1   | Reached skill level 5 in Evocations
 14102 | Lair:2   | Noticed a boulder beetle
 14122 | Lair:2   | Killed a boulder beetle
 14552 | Lair:2   | Found a runed translucent door.
 14557 | Lair:2   | Noticed a tentacled starspawn
 15229 | Lair:3   | Reached skill level 5 in Dodging
 15243 | Lair:3   | Found a staircase to the Swamp.
 15434 | Lair:3   | Noticed Snorg
 15435 | Lair:3   | Noticed Gastronok
 15473 | Lair:3   | Killed Gastronok
 15474 | Lair:3   | Reached skill level 15 in Axes
 15476 | Lair:3   | Reached XP level 13. HP: 47/98 MP: 16/18
 15731 | Lair:3   | Killed Snorg
 15984 | Lair:3   | Found a staircase to the Snake Pit.
 16414 | Lair:3   | Reached ***** piety under Makhleb
 17424 | Lair:4   | Reached skill level 16 in Axes
 17537 | Lair:5   | Entered Level 5 of the Lair of Beasts
 17692 | Lair:5   | Found a staircase to the Slime Pits.
 17897 | Lair:5   | Noticed Urug
 17910 | Lair:5   | Killed Urug
 18210 | Lair:5   | Reached XP level 14. HP: 40/106 MP: 19/19
 18221 | Lair:5   | HP: 5/106 [fire crab] (17)]
 19057 | Lair:5   | Found a large runed translucent door.
 19057 | Lair:5   | Found a large runed translucent door.
 19529 | Orc:1    | Entered Level 1 of the Orcish Mines
 19543 | Orc:1    | Noticed Erica
 19554 | Orc:1    | Killed Erica
 20099 | Orc:2    | Entered Level 2 of the Orcish Mines
 20109 | Orc:2    | Noticed Jorgrun
 20115 | Orc:2    | Reached ****** piety under Makhleb
 20127 | Orc:2    | Paralysed by an orc sorcerer for 2 turns
 20148 | Orc:2    | Killed Jorgrun
 20242 | Orc:2    | Found a staircase to the Elven Halls.
 20271 | Orc:2    | Noticed Maurice
 20271 | Orc:2    | Found Oranik's Distillery.
 20286 | Orc:1    | Killed Maurice
 20438 | Orc:2    | Bought a potion of curing for 48 gold pieces
 20438 | Orc:2    | Bought a potion of degeneration for 16 gold pieces
 20439 | Orc:2    | Bought a potion of lignification for 48 gold pieces
 20460 | Orc:2    | Found Rean's Antique Armour Boutique.
 20461 | Orc:2    | Found Fapruheomm's Armour Emporium.
 20815 | Orc:2    | Found Jiem's Antique Armour Boutique.
 20838 | Orc:2    | Bought a shiny kite shield for 262 gold pieces
 20838 | Orc:2    | Bought an ichor-stained scale mail for 315 gold pieces
 20838 | Orc:2    | Identified the +1 scale mail of the Elven Halls {rF+ Will+}
                  | (You bought it in a shop on level 2 of the Orcish Mines)
 20838 | Orc:2    | Bought a bloodstained helmet for 332 gold pieces
 20838 | Orc:2    | Identified the +2 helmet "Yzuo" {+Blink Fly Int-2 Slay+3
                  | Stlth+} (You bought it in a shop on level 2 of the Orcish
                  | Mines)
 21010 | Orc:2    | Reached skill level 17 in Axes
 21093 | Orc:2    | Found Guuroom's General Store.
 21093 | Orc:2    | Found Woudakh's Distillery.
 21095 | Orc:2    | Found Vel Yll's Antique Armour Boutique.
 21095 | Orc:2    | Found Jecocoent's General Store.
 21101 | Orc:2    | Bought a scroll of identify for 30 gold pieces
 21104 | Orc:2    | Bought a pair of heavily runed boots for 275 gold pieces
 21104 | Orc:2    | Identified the +2 pair of boots of the Cuttlefish {rElec
                  | Stlth+} (You bought it in a shop on level 2 of the Orcish
                  | Mines)
 21107 | Orc:2    | Bought a potion of curing for 48 gold pieces
 21107 | Orc:2    | Bought a potion of curing for 48 gold pieces
 21151 | Orc:2    | Found Uhetatta's Weapon Emporium.
 21607 | D:12     | Reached skill level 10 in Fighting
 21614 | D:12     | Identified the +4 spear "Duluxim" {heavy, Dex+3}
 21868 | D:12     | Noticed Psyche
 21876 | D:12     | Killed Psyche
 21991 | D:12     | Identified the +0 ring mail of Yesterday {+Blink}
 22532 | D:13     | Found a gate to the Vaults.
 22554 | D:13     | Mangled by an ironbound frostheart

Illustrated notes

Levels and vault maps discovered:
D:1:      saegor_arrival_simple_e, layout_basic,
          shapermc_ecumenical_altar_rom_forum
D:2:      layout_basic, grunt_decor_fettered
D:3:      layout_rooms
D:4:      layout_loops_ring, grunt_temple_overflow_forces_of_nature,
          lemuel_mausoleum_altar_kikubaaqudgha, gammafunk_ghost_abyssal_escape
D:5:      layout_rooms, mainiacjoe_overflow_paths,
          minmay_temple_entry_large_hall, cheibrodos_sewer_entry_sluice
D:6:      layout_gridville, lemuel_tele_altar, serial_shops,
          nicolae_shop_crystal, serial_bayou_ford_a, roderic_batcave
D:7:      minmay_inner_zag, layout_loops_corners, kennysheep_mini_moat,
          minivault_26
D:8:      layout_loops_ring, gammafunk_temple_overflow_arena, serial_shops,
          nicolae_shop_hallway_plus, shop, shop, nicolae_shop_tiny_glass, shop
D:9:      layout_cross, orc_0_dummy, roderic_three_in_a_row, uniq_prince_ribbit1
D:10:     layout_cave_pods, tso_metal_star, nicolae_uskayaw_dance_studio,
          mainiacjoe_overflow_surrounded_room, dpeg_lair_monsters
D:11:     layout_irregular_city
D:12:     layout_irregular_city, uniq_psyche
D:13:     layout_small_grid, hellmonk_vaults_keyhole
Temple:   nicolae_temple_panitentiary
Lair:1:   gammafunk_boulding_lane, layout_small_grid
Lair:2:   layout_cave_pods, pdpol_lair_cabin_in_the_woods,
          infiniplex_staircase_pool_2
Lair:3:   layout_cave_pods, skrybe_swamp_entry_bodies, dummy_snake_entry,
          special_room [special_room_bee], serial_bayou_lagoon_b,
          uniq_gastronok, uniq_snorg
Lair:4:   layout_loops_ring, minivault_26
Lair:5:   cheibrodos_lair_end_hotspot, layout_regular_city,
          nicolae_slime_entry_field_trip, uniq_urug
Orc:1:    layout_caves, uniq_erica
Orc:2:    grunt_orc_tribal_feast, layout_caves, serial_shops,
          nicolae_shop_peninsula, nicolae_shop_statue_plus, nicolae_shop_trees,
          shop, nicolae_shop_waterfront, uniq_maurice, uniq_jorgrun

Skill      XL: |  1  2  3  4  5  6  7  8  9 10 11 12 13 14 |
---------------+-------------------------------------------+-----
Axes           | 2 3 4 5 7 8 10 12 13 15 16 17 | 17.3
Armour         | 3 4 5 6 7 |  7.1
Fighting       | 4 5 6 7 8 10 | 10.2
Shields        | 3 4 5 6 7 8 |  8.1
Dodging        | 1 2 3 4 5 6 |  6.4
Invocations    | 2 5 6 |  6.7
Stealth        | 1 2 3 |  3.3
Evocations     | 2 4 6 7 8 |  8.9

Action                     |  1- 3 |  4- 6 |  7- 9 | 10-12 | 13-15 || total
---------------------------+-------+-------+-------+-------+-------++-------
  Melee: War axe           |   132 |   145 |   393 |   309 |   794 ||  1773
         Tailslap          |    11 |    24 |    60 |   121 |   136 ||   352
         Broad axe         |       |       |       |   322 |       ||   322
 Invoke: Minor Destruction |       |       |       |    22 |       ||    22
         Lesser Servant of |       |       |       |     2 |     1 ||     3
  Evoke: Wand              |       |       |       |     4 |     5 ||     9
    Use: Scroll            |       |       |     7 |    17 |     5 ||    29
         Potion            |       |       |     2 |     3 |     3 ||     8
   Stab: Paralysed         |       |       |       |     4 |     2 ||     6
         Sleeping          |       |       |       |     6 |     6 ||    12
 Armour: Scale mail        |    94 |    41 |       |       |       ||   135
         Pearl dragon scal |       |    75 |   304 |   386 |   460 ||  1225
  Dodge: Dodged            |    64 |    46 |   187 |   257 |   291 ||   845
  Block: Buckler           |    28 |    27 |   111 |    63 |       ||   229
         Kite shield       |       |       |       |   218 |   436 ||   654

Table legend: (Time is in decaauts)
 A = Elapsed time spent in this place.
 B = Non-inter-level travel time spent in this place.
 C = Inter-level travel time spent in this place.
 D = Time resting spent in this place.
 E = Time spent auto-exploring this place.
 F = Levels seen in this place.
 G = Mean time per level.
                   A        B        C        D        E       F      G
               +--------+--------+--------+--------+--------+-----+--------+
         Total |  22731 |  20999 |   1732 |   3977 |  11823 |  22 | 1033.2 |
       Dungeon |  14083 |  12849 |   1234 |   2671 |   6958 |  13 | 1083.3 |
        Temple |     31 |     31 |      0 |      0 |      0 |   1 |   31.0 |
          Lair |   6328 |   5939 |    389 |    828 |   3782 |   5 | 1265.6 |
  Orcish Mines |   1741 |   1633 |    108 |    406 |    801 |   2 |  870.5 |
         Sewer |    545 |    545 |      0 |     71 |    281 |   1 |  545.0 |
               +--------+--------+--------+--------+--------+-----+--------+

Top non-repeatable levels by time:
  Lair:5: 1806 daAuts
    D:10: 1717 daAuts
     D:4: 1669 daAuts
     D:6: 1665 daAuts
     D:7: 1516 daAuts
  Lair:3: 1466 daAuts
     D:9: 1311 daAuts
  Lair:2: 1249 daAuts
     D:1: 1182 daAuts
     D:8: 1084 daAuts
   Orc:2: 996 daAuts
    D:11: 973 daAuts
  Lair:4: 971 daAuts
  Lair:1: 835 daAuts
     D:3: 801 daAuts
